 Dungeon Crawl Stone Soup version 0.14.1-10-gba40d31 (webtiles) character file.

527 Heini the Covered (level 6, 0/55 HPs)
             Began as a Minotaur Fighter on May 28, 2014.
             Hit by a tomahawk thrown by an orc warrior (8 damage)
             ... on Level 4 of the Dungeon.
             The game lasted 00:08:41 (2292 turns).

Heini the Covered (Minotaur Fighter)                Turns: 2292, Time: 00:08:41

HP   0/55        AC 11     Str 22      XL: 6   Next: 41%
MP   3/3         EV  7     Int  5      God:
Gold 160         SH 19     Dex 10      Spells:  0 memorised,  5 levels left

rFire  . . .     SeeInvis .     E - +1,+0 flail (crush)
rCold  . . .     Clarity  .     p - +2 scale mail {rPois}
rNeg   . . .     Conserve .     c - +0 shield
rPois  +         rCorr    .     (helmet restricted)
rElec  .         rRot     .     (no cloak)
SustAb . .       Spirit   .     (no gloves)
rMut   .         Warding  .     C - +0 pair of boots
Saprov . . .     Stasis   .     g - cursed amulet of inaccuracy {unknown}
MR     .....                    (no ring)
                                (no ring)

@: not resistant to hostile enchantments, extremely unstealthy
A: retaliatory headbutt, horns 2
a: no special abilities


You were on level 4 of the Dungeon.
You were not hungry.

You visited 1 branch of the dungeon, and saw 4 of its levels.
You also visited: Sewer.

You collected 160 gold pieces.

Inventory:

Hand weapons
 a - a +1,+1 flail
 E - a +1,+0 flail of crushing (weapon)
Armour
 b - a +0 scale mail
 c - a +0 shield (worn)
 p - a +2 scale mail of poison resistance (worn)
 C - a +0 pair of boots (worn)
Comestibles
 d - 7 bread rations
 l - 2 meat rations
 z - a choko
 G - a chunk of jackal flesh
Scrolls
 k - 3 scrolls of identify
 q - 3 scrolls of teleportation
 y - 4 scrolls of fear
 A - a scroll of remove curse {unknown}
 D - a scroll of enchant weapon I
 F - a scroll of fog {unknown}
Jewellery
 g - a cursed amulet of inaccuracy (around neck) {unknown}
 n - an uncursed amulet of conservation {unknown}
 o - a +4 ring of strength {unknown}
 r - a cursed ring of teleportation {unknown}
 s - an uncursed ring of ice {unknown}
 x - a +6,+5 ring of slaying {unknown}
 B - an uncursed amulet of the gourmand {unknown}
Potions
 e - 3 potions of might
 f - 2 potions of curing
 h - 4 potions of brilliance {unknown}
 i - a potion of poison {unknown}
 j - 3 potions of heal wounds {unknown}
 m - 2 potions of magic {unknown}
 t - a potion of restore abilities {unknown}
 u - a potion of invisibility {unknown}
 w - 3 potions of haste


   Skills:
 * Level 4.9 Fighting
 * Level 4.5 Maces & Flails
 * Level 7.0 Armour
 - Level 3.6 Shields


You had 5 spell levels left.
You didn't know any spells.

Dungeon Overview and Level Annotations

Branches:
Dungeon (4/15)
 Temple: D:4-7

Altars:
The Shining One


Innate Abilities, Weirdness & Mutations

You reflexively headbutt those who attack you in melee.
You have a pair of horns on your head.


Message History

You closely miss the orc.
The orc is almost dead.
The orc warrior barely misses you. You furiously retaliate!
You headbutt the orc warrior. You block the orc's attack.
You closely miss the orc.
The orc is almost dead.
The orc warrior hits you but does no damage.
You block the orc's attack.
You closely miss the orc.
The orc is almost dead.
You block the orc's attack.
The orc warrior hits you with a morningstar!
* * * LOW HITPOINT WARNING * * *
You are too injured to fight recklessly!
You are too injured to fight recklessly!
You are too injured to fight recklessly!
You barely miss the orc.
The orc is almost dead.
The orc warrior throws a tomahawk.
The tomahawk hits you!
You die...

##.........#
#..........#....
#.##.##<........
#...............
#..............
#.....#.###.....
#...............
.#######.###......
.......o@.....P#
########.####..#
#....o####..#
#...........#
#.....)....##
#####......#
#.####.# #.# # ...


You could see an orc warrior and an orc.

Vanquished Creatures
  2 big kobolds (Sewer)
  4 adders
  4 gnolls (D:3)
  A green rat (Sewer)
  2 giant mites (D:3)
  A worm (Sewer)
  5 oozes
  6 orcs
  4 bats
  A bat skeleton (D:3)
  10 giant cockroaches
  13 goblins
  7 hobgoblins
  2 ball pythons
  4 giant geckos
  A giant gecko zombie (D:4)
  2 giant newts
  3 jackals (D:3)
  15 kobolds
  15 rats
102 creatures vanquished.

Notes
Turn   | Place    | Note
--------------------------------------------------------------
     0 | D:1      | Heini, the Minotaur Fighter, began the quest for the Orb.
     0 | D:1      | Reached XP level 1. HP: 19/19 MP: 1/1
    90 | D:1      | Reached XP level 2. HP: 20/27 MP: 1/1
   113 | D:1      | Reached skill level 4 in Armour
   358 | D:1      | Reached XP level 3. HP: 33/33 MP: 2/2
  1152 | D:3      | Found a glowing golden altar of the Shining One.
  1195 | D:3      | Reached XP level 4. HP: 27/41 MP: 2/2
  1200 | D:3      | Reached skill level 5 in Armour
  1214 | D:3      | Found a glowing drain.
  1256 | Sewer    | Entered a sewer
  1435 | Sewer    | Noticed a big kobold
  1460 | Sewer    | Killed a big kobold
  1460 | Sewer    | Reached skill level 6 in Armour
  1460 | Sewer    | Reached XP level 5. HP: 20/47 MP: 2/2
  1706 | Sewer    | Noticed a big kobold
  1716 | Sewer    | Killed a big kobold
  1716 | Sewer    | Reached XP level 6. HP: 55/55 MP: 3/3
  2032 | D:3      | Reached skill level 7 in Armour
  2292 | D:4      | Hit by a tomahawk thrown by an orc warrior

Action                   |  1- 3 |  4- 6 || total
-------------------------+-------+-------++-------
Melee: Flail             |   150 |   213 ||   363
  Use: Scroll            |     1 |     7 ||     8
       Potion            |       |     1 ||     1
